 Dungeon Crawl Stone Soup version 0.17-a0-791-g233d389 (webtiles) character file.

38 Vanarill the Chiller (level 3, -12/24 HPs)
             Began as a Demonspawn Ice Elementalist on May 7, 2015.
             Killed by nerve-wracking pain
             ... invoked by Grinder
              (14 damage)
             ... on level 4 of the Dungeon on May 9, 2015.
             The game lasted 00:12:39 (1254 turns).

Vanarill the Chiller (Demonspawn Ice Elementalist)  Turns: 1254, Time: 00:12:39

Health: -12/24     AC:  0    Str:  3    XL:     3   Next: 25%
Magic:  1/6        EV: 20    Int: 22    God:
Gold:   118        SH:  0    Dex: 18    Spells: 2 memorised, 4 levels left

rFire  . . .     SeeInvis .     (weapon currently unavailable)
rCold  . . .     Clarity  .     (armour currently unavailable)
rNeg   . . .     SustAb   .     (shield currently unavailable)
rPois  .         Gourm    .     (helmet currently unavailable)
rElec  .         Spirit   .     (cloak currently unavailable)
rCorr  .         Warding  .     (gloves currently unavailable)
rMut   .         Stasis   .     (boots currently unavailable)
MR     .....                    (no amulet)
Stlth  ++........               (ring currently unavailable)
                                (ring currently unavailable)

@: brilliant, bat-form, flying, very slightly contaminated, invisible, very
quick, not resistant to hostile enchantments, unstealthy
A: demonic guardian 1
a: no special abilities


You were on level 4 of the Dungeon.
You were not hungry.
You were in bat-form.
You visited 1 branch of the dungeon, and saw 3 of its levels.

You collected 118 gold pieces.

Inventory:

Hand weapons
 j - a +0 quarterstaff (melded)
Armour
 a - a +0 robe (melded)
 i - a +0 pair of gloves (melded)
Magical staves
 c - an uncursed staff of summoning
Scrolls
 f - a scroll of identify {unknown}
 g - a scroll of blinking {unknown}
 h - 2 scrolls of recharging {unknown}
Potions
 d - a potion of brilliance
 e - a potion of invisibility
Books
 b - a book of Frost

   Spells                             Type                      Level
   a - Freeze                         Ice                          1
   b - Throw Frost                    Conjuration/Ice              2
   c - Ozocubu's Armour               Charms/Ice                   3
   d - Throw Icicle                   Conjuration/Ice              4
   e - Summon Ice Beast               Ice/Summoning                4
   f - Condensation Shield            Ice                          4


   Skills:
 + Level 0.2 Fighting
 + Level 2.2 Dodging
 + Level 1.8 Stealth
 + Level 2.5 Spellcasting
 + Level 1.2 Conjurations
 + Level 3.1 Ice Magic


You had 4 spell levels left.
You knew the following spells:

 Your Spells              Type           Power        Failure   Level  Hunger
a - Freeze                Ice            ####         1%          1    None
b - Throw Frost           Conj/Ice       ####..       3%          2    ##.....


Dungeon Overview and Level Annotations

Branches:
Dungeon (4/15)
 Temple: D:4-7

Altars:

Annotations:
D:4 Grinder


Innate Abilities, Weirdness & Mutations

A weak demonic guardian rushes to your aid.


Message History

It was a potion of invisibility.
You fade into invisibility!
Your quasit bites Grinder.
Your quasit closely misses Grinder.
Your quasit barely misses Grinder.
Grinder zaps a wand.
You turn into a bat.
Your +0 quarterstaff melds into your body.
Your +0 pair of gloves melds into your body.
Your +0 robe melds into your body.
It is a wand of polymorph.
You are very lightly contaminated with residual magic.
Your quasit bites Grinder but does no damage.
Your quasit barely misses Grinder.
Your quasit claws Grinder.
Grinder zaps a wand.
You resist with significant effort.
Your quasit bites Grinder but does no damage.
Your quasit claws Grinder.
Your quasit barely misses Grinder.
Your quasit closely misses Grinder.
Your quasit claws Grinder.
Your quasit closely misses Grinder.
There is a stone staircase leading down here.
Grinder gestures at you. Pain shoots through your body!
Ouch! That really hurt!
You die...

#.#.#.#.####
#..###..#
###.#.###
##.######
#####.........
#......######.
#.####.# #.#
#.# #b# #.# #.#
#.# #.# #.# #
#.# ..
##..###5####
#.<..).5.5.#
#.#.#)####.5...
#. #### #.


You could see Grinder and a friendly quasit.

Vanquished Creatures
  An orc (D:4)
  A hobgoblin (D:1)
  2 jackals (D:1)
  A quokka (D:2)
  3 ball pythons (D:1)
  3 bats
  4 goblins (D:1)
  2 kobolds (D:1)
  5 rats
22 creatures vanquished.

Vanquished Creatures (collateral kills)
  An orc priest (D:4)
  An orc (D:4)
2 creatures vanquished.

Vanquished Creatures (others)
  A quasit (D:4)
  An orc (D:4)
2 creatures vanquished.

Grand Total: 26 creatures vanquished

Notes
Turn   | Place    | Note
--------------------------------------------------------------
     0 | D:1      | Vanarill, the Demonspawn Ice Elementalist, began the quest for the Orb.
     0 | D:1      | Reached XP level 1. HP: 13/13 MP: 3/3
   410 | D:1      | Reached skill level 3 in Ice Magic
   427 | D:1      | Gained mutation: A weak demonic guardian rushes to your aid. [demonic ancestry]
   427 | D:1      | Reached XP level 2. HP: 13/19 MP: 0/5
   431 | D:1      | Learned a level 2 spell: Throw Frost
  1194 | D:2      | You fall through a shaft for 2 floors!
  1234 | D:4      | Reached XP level 3. HP: 20/24 MP: 1/6
  1240 | D:4      | Noticed Grinder
  1254 | D:4      | Killed from afar by Grinder

Action                   || total
-------------------------++-------
Melee: Unarmed           ||    19
       Quarterstaff      ||     3
 Cast: Freeze            ||    17
       Throw Frost       ||    11
  Use: Potion            ||     2
 Stab: Sleeping          ||     1
  Eat: Bread ration      ||     1
